 Dungeon Crawl Stone Soup version 0.22.1-1-ga44c0e56f4 (webtiles) character file.

17602 Morbidden the Grappler (level 12, -2/84 HPs)
             Began as a Demonspawn Fighter on Nov 9, 2018.
             Was a Priest of Dithmenos.
             Slain by a spiny frog (5 damage)
             ... on level 2 of the Lair of Beasts.
             The game lasted 00:31:30 (14081 turns).

Morbidden the Grappler (Demonspawn Fighter)        Turns: 14081, Time: 00:31:30

Health: -2/84      AC: 23    Str: 21    XL:     12   Next: 20%
Magic:  12/12      EV:  6    Int: 15    God:    Dithmenos [***...]
Gold:   503        SH: 12    Dex: 13    Spells: 11/11 levels left

rFire    . . .     SeeInvis .     - Unarmed
rCold    . . .     Gourm    .   u - +1 shield
rNeg     + . .     Faith    .   B - +0 plate armour
rPois    +         Spirit   .   i - +0 helmet
rElec    .         Reflect  .   H - +0 cloak
rCorr    .         Harm     .   (gloves unavailable)
MR       .....                  w - +1 pair of boots
Stlth    ..........             (no amulet)
HPRegen  0.24/turn              h - ring of positive energy
MPRegen  0.13/turn              k - +5 ring of intelligence

@: wreathed by umbra
A: claws 3, slimy green scales 3, nightstalker 2
a: Shadow Step, Renounce Religion


You were on level 2 of the Lair of Beasts.
You worshipped Dithmenos.
Dithmenos was most pleased with you.
You were not hungry.

You visited 3 branches of the dungeon, and saw 14 of its levels.

You collected 819 gold pieces.
You spent 316 gold pieces at shops.

Inventory:

Hand Weapons
 b - a +1 dagger of electrocution
Armour
 i - a +0 helmet (worn)
 u - a +1 shield (worn)
 w - a +1 pair of boots (worn)
 B - a +0 plate armour (worn)
 H - a +0 cloak (worn)
Jewellery
 h - a ring of positive energy (left claw)
 k - a +5 ring of intelligence (right claw)
Wands
 l - a wand of polymorph (24)
 x - a wand of acid (5)
 C - a wand of random effects (32)
 E - a wand of paralysis (10)
 G - a wand of enslavement (10)
 K - a wand of iceblast (6)
Scrolls
 f - 5 scrolls of teleportation
 j - 6 scrolls of remove curse
 m - 2 scrolls of magic mapping
 q - 2 scrolls of enchant weapon
 t - a scroll of fear {unknown}
 v - 2 scrolls of enchant armour
 y - a scroll of amnesia
 D - a scroll of immolation {unknown}
 I - a scroll of fog {unknown}
 L - 3 scrolls of identify
 M - a scroll of torment {unknown}
Potions
 c - 3 potions of might
 e - 3 potions of brilliance
 g - 2 potions of magic
 n - 5 potions of agility
 o - 4 potions of curing
 p - a potion of haste
 r - a potion of flight
 s - a potion of invisibility
 z - a potion of degeneration {unknown}
 A - 3 potions of mutation {unknown}
 F - 3 potions of lignification
 J - a potion of heal wounds
Comestibles
 a - 13 chunks of flesh
 d - 19 rations


   Skills:
 + Level 4.5 Fighting
 + Level 1.9 Short Blades
 + Level 8.6 Armour
 + Level 2.8 Dodging
 + Level 2.8 Stealth
 + Level 8.2 Shields
 * Level 13.4 Unarmed Combat
 + Level 0.2 Evocations


You had 11 spell levels left.
You didn't know any spells.
Your spell library contained the following spells:

 Spells                   Type           Power        Failure   Level  Hunger
 Confusing Touch          Hex            #.....       100%        1    ##.....
 Freeze                   Ice            #...         100%        1    ##.....
 Throw Frost              Conj/Ice       #.....       100%        2    ###....
 Confuse                  Hex            #.......     100%        3    ####...
 Gell's Gravitas          Tloc           #.........   100%        3    ####...
 Ozocubu's Armour         Chrm/Ice       #.......     100%        3    ####...
 Petrify                  Tmut/Erth      #.......     100%        4    #####..
 Summon Ice Beast         Ice/Summ       #.......     100%        4    #####..
 Throw Icicle             Conj/Ice       #.......     100%        4    #####..
 Metabolic Englaciation   Hex/Ice        #.........   100%        5    ######.
 Yara's Violent Unravell  Hex/Tmut       #.........   100%        5    ######.


Dungeon Overview and Level Annotations

Branches:
Dungeon (11/15)            Temple (1/1) D:7            Lair (2/6) D:11
    Orc (0/2) D:11
  Swamp: Lair:2-4    Shoals: Lair:2-4     Snake: Lair:2-4    Spider: Lair:2-4

Altars:
Ashenzari
Cheibriados
Dithmenos
Elyvilon
Fedhas
Gozag
Hepliaklqana
Kikubaaqudgha
Makhleb
Nemelex Xobeh
Qazlal
Ru
Sif Muna
Uskayaw
Vehumet
Wu Jian
Xom
Yredelemnul
Zin
The Shining One
Lugonu

Shops:
D:10 !   D:11 !=*

Annotations:
D:8 2 transporters, Freyura's ghost, novice GnFi


Innate Abilities, Weirdness & Mutations

You have claws for hands.
You are completely covered in slimy green scales. (AC +4, rPois)
You are significantly more attuned to the shadows.


Message History

The porcupine is almost dead.
The porcupine twitches its whiskers.
The porcupine barely misses you.
You claw the porcupine!
You kill the porcupine!
Dithmenos accepts your kill.
You barely miss the spiny frog. The spiny frog stings you!
* * * LOW HITPOINT WARNING * * *
You scratch the spiny frog.
The spiny frog is lightly wounded.
The spiny frog stings you!
* * * LOW HITPOINT WARNING * * *
You mangle the spiny frog!!
The spiny frog is severely wounded.
The spiny frog stings you!
* * * LOW HITPOINT WARNING * * *
You scratch the spiny frog.
The spiny frog is severely wounded.
The spiny frog stings you.
You die...

###..........#
#...#.#.)...###
##.....###....#.....
#..P...##...#.....##
#.##............#..#
#.###.##..........<#
#.########......P# ##..#
####......#
##..#####.##..##@##
..............##F# P
.#.#......##..##.###..
.###.................##
.......♣..###......#..#
...P......# ##PP.#...##.
.....P....## ###......P.
....P......## #..........
.....≈.......##..........


You could see a spiny frog.

Vanquished Creatures
  A two-headed ogre (D:8)
  Sonja (D:11)
  Nergalle (D:10)
  Pikel (D:6)
  7 elephants (Lair:2)
  A black mamba (Lair:1)
  Joseph (D:9)
  A spiny frog (Lair:1)
  3 kobold demonologists (D:11)
  A komodo dragon (Lair:1)
  3 hippogriffs
  A human (D:8)
  Grum (D:9)
  18 yaks
  2 wargs (D:11)
  A soldier ant (D:9)
  4 water moccasins
  5 porcupines
  2 ice beasts
  5 orc warriors
  An eye of draining (D:9)
  3 sky beasts
  3 phantoms
  A necrophage (D:6)
  9 ogres
  2 wolves (D:9)
  3 centaurs
  3 crocodiles (Lair:1)
  14 bullfrogs
  A scorpion (D:7)
  A water moccasin zombie (D:8)
  5 killer bees (D:8)
  14 wights
  5 howler monkeys
  5 crimson imps
  A centaur zombie (D:6)
  3 jellies
  10 orc priests
  A bullfrog skeleton (D:9)
  3 hounds
  8 orc wizards
  Jessica (D:2)
  2 centaur skeletons
  An iguana (D:5)
  5 worker ants
  A killer bee zombie (D:6)
  2 hound skeletons
  Robin (D:3)
  A howler monkey zombie (D:9)
  13 adders
  A howler monkey skeleton (D:6)
  3 gnolls (D:2)
  A shadow imp (D:5)
  An ooze (D:1)
  An adder zombie (D:5)
  2 adder skeletons
  A worm (D:2)
  3 dart slugs
  4 leopard geckos
  34 orcs
  2 ball pythons
  5 giant cockroaches
  13 goblins
  12 hobgoblins
  15 jackals
  2 quokkas
  A bat (D:1)
  15 kobolds
  A quokka zombie (D:6)
  8 rats
308 creatures vanquished.

Vanquished Creatures (others)
  A slave (D:6)
  A howler monkey (D:6)
  A hound (D:6)
  A bullfrog skeleton (D:6)
  3 fungi (Lair:2)
  2 plants (Lair:2)
9 creatures vanquished.

Grand Total: 317 creatures vanquished

Notes
Turn   | Place    | Note
-------+----------+-------------------------------------------
     0 | D:1      | Morbidden the Demonspawn Fighter began the quest for the
                  | Orb.
     0 | D:1      | Reached XP level 1. HP: 18/18 MP: 1/1
   164 | D:1      | Reached skill level 2 in Unarmed Combat
   200 | D:1      | Gained mutation: You have sharp fingernails. [demonic
                  | ancestry]
   200 | D:1      | Reached XP level 2. HP: 12/24 MP: 2/2
   842 | D:2      | Gained mutation: You are slightly more attuned to the
                  | shadows. [demonic ancestry]
   842 | D:2      | Reached XP level 3. HP: 29/29 MP: 3/3
   911 | D:2      | Reached skill level 3 in Unarmed Combat
  1237 | D:2      | Gained mutation: You have very sharp fingernails. [demonic
                  | ancestry]
  1237 | D:2      | Reached XP level 4. HP: 32/35 MP: 4/4
  1369 | D:2      | Noticed Jessica
  1378 | D:2      | Killed Jessica
  1621 | D:2      | Gained mutation: You are partially covered in slimy green
                  | scales. (AC +2) [demonic ancestry]
  1621 | D:2      | Reached XP level 5. HP: 30/41 MP: 5/5
  1953 | D:3      | Noticed Robin
  1967 | D:3      | Killed Robin
  1967 | D:3      | Reached skill level 4 in Unarmed Combat
  1992 | D:3      | Found an ancient bone altar of Kikubaaqudgha.
  2100 | D:3      | Found a stormy altar of Qazlal.
  2814 | D:4      | Noticed an ogre
  2821 | D:4      | Killed an ogre
  2821 | D:4      | Reached skill level 1 in Dodging
  2821 | D:4      | Gained mutation: You have claws for hands. [demonic
                  | ancestry]
  2821 | D:4      | Reached XP level 6. HP: 38/47 MP: 6/6
  2852 | D:4      | Reached skill level 1 in Short Blades
  3121 | D:4      | Reached XP level 7. HP: 39/52 MP: 7/7
  3399 | D:4      | Found a blossoming altar of Fedhas.
  3501 | D:5      | Entered Level 5 of the Dungeon
  4162 | D:5      | Reached skill level 5 in Unarmed Combat
  4968 | D:6      | Gained mutation: You are mostly covered in slimy green
                  | scales. (AC +3) [demonic ancestry]
  4968 | D:6      | Reached XP level 8. HP: 33/58 MP: 8/8
  4984 | D:6      | Reached skill level 5 in Armour
  4984 | D:6      | Reached skill level 6 in Unarmed Combat
  5155 | D:6      | Noticed Pikel
  5313 | D:6      | Killed Pikel
  5313 | D:6      | Reached skill level 7 in Unarmed Combat
  5619 | D:6      | Reached XP level 9. HP: 31/64 MP: 9/9
  6187 | D:7      | Reached skill level 5 in Shields
  6188 | D:7      | Reached skill level 8 in Unarmed Combat
  6361 | D:7      | Found a staircase to the Ecumenical Temple.
  6382 | Temple   | Entered the Ecumenical Temple
  6472 | Temple   | Became a worshipper of Dithmenos the Shadowed
  6583 | D:7      | Noticed an angel
  6584 | D:7      | Found a glowing silver altar of Zin.
  7238 | D:7      | Found a shimmering altar of Xom.
  7342 | D:7      | Found an ornate altar of the Wu Jian Council.
  7893 | D:8      | Reached * piety under Dithmenos
  8214 | D:8      | Found an opulent altar of Gozag.
  8355 | D:8      | Found a transporter.
  8389 | D:8      | Found a transporter.
  8391 | D:8      | Noticed Freyura's ghost (novice GnFi)
  8394 | D:8      | Noticed a centaur warrior
  8483 | D:8      | Reached skill level 1 in Stealth
  8559 | D:8      | Noticed a two-headed ogre
  8568 | D:8      | Killed a two-headed ogre
  8568 | D:8      | Reached skill level 9 in Unarmed Combat
  8568 | D:8      | Gained mutation: You are significantly more attuned to the
                  | shadows. [demonic ancestry]
  8568 | D:8      | Reached XP level 10. HP: 39/71 MP: 10/10
  8933 | D:9      | Noticed Grum
  8963 | D:9      | HP: 2/71 [Grum/halberd (13)]
  8965 | D:9      | Killed Grum
  9170 | D:9      | Found a basalt altar of Yredelemnul.
  9749 | D:9      | Got a smoking leather armour
  9752 | D:9      | Identified the +0 leather armour of Theory {rElec Int+4
                  | Dex-4} (You found it on level 9 of the Dungeon)
  9792 | D:9      | Noticed Joseph
  9800 | D:9      | Killed Joseph
  9800 | D:9      | Reached skill level 10 in Unarmed Combat
  9802 | D:9      | Reached ** piety under Dithmenos
 10113 | D:10     | Entered Level 10 of the Dungeon
 10131 | D:10     | Found Fadiqol's Distillery.
 10134 | D:10     | Bought a potion of lignification for 30 gold pieces
 10134 | D:10     | Bought a potion of lignification for 30 gold pieces
 10134 | D:10     | Bought a potion of heal wounds for 50 gold pieces
 10134 | D:10     | Bought a potion of heal wounds for 50 gold pieces
 10804 | D:10     | Noticed Nergalle
 10816 | D:10     | Killed Nergalle
 10816 | D:10     | Gained mutation: You are completely covered in slimy green
                  | scales. (AC +4, rPois) [demonic ancestry]
 10816 | D:10     | Reached XP level 11. HP: 77/77 MP: 11/11
 11294 | D:11     | Found Fajaurph's General Store.
 11418 | D:11     | Found a staircase to the Orcish Mines.
 11454 | D:11     | Found a corrupted altar of Lugonu.
 11455 | D:11     | Noticed a soul eater
 11463 | D:11     | Reached skill level 11 in Unarmed Combat
 11663 | D:11     | Noticed Sonja
 11746 | D:11     | Killed Sonja
 12052 | D:11     | Found a staircase to the Lair.
 12118 | D:11     | Found Covvotiu's Distillery.
 12120 | D:11     | Found Kaos's Jewellery Boutique.
 12124 | D:11     | Bought a potion of heal wounds for 60 gold pieces
 12124 | D:11     | Bought a potion of might for 48 gold pieces
 12124 | D:11     | Bought a potion of might for 48 gold pieces
 12572 | Lair:1   | Entered Level 1 of the Lair of Beasts
 12583 | Lair:1   | Reached *** piety under Dithmenos
 12583 | Lair:1   | Reached skill level 12 in Unarmed Combat
 13986 | Lair:2   | Reached XP level 12. HP: 20/84 MP: 12/12
 13987 | Lair:2   | Reached skill level 13 in Unarmed Combat
 14080 | Lair:2   | HP: 3/84 [spiny frog (7)]
 14081 | Lair:2   | Slain by a spiny frog

Skill      XL: |  1  2  3  4  5  6  7  8  9 10 11 12 |
---------------+-------------------------------------+-----
Unarmed Combat | 2 3 4 5 7 9 10 12 13 | 13.4
Armour         | 3 4 6 7 8 |  8.6
Shields        | 3 4 6 7 8 |  8.2
Dodging        | 1 2 |  2.8
Short Blades   | 1 |  1.9
Stealth        | 1 2 |  2.8
Fighting       | 4 |  4.5
Evocations     | |  0.2

Action                   |  1- 3 |  4- 6 |  7- 9 | 10-12 || total
-------------------------+-------+-------+-------+-------++-------
Melee: Unarmed           |   118 |   111 |   357 |   561 ||  1147
       Dagger            |       |   109 |       |       ||   109
Evoke: Wand              |       |       |     1 |     3 ||     4
  Use: Scroll            |       |     1 |    10 |     8 ||    19
       Potion            |       |     1 |     4 |     5 ||    10
 Stab: Distracted        |       |       |     1 |       ||     1
       Paralysed         |       |       |       |     3 ||     3
  Eat: Chunk             |     1 |     6 |    14 |    12 ||    33
       Ration            |       |       |     1 |     2 ||     3
Armor: Scale mail        |    35 |   109 |    16 |       ||   160
       Chain mail        |       |       |    69 |       ||    69
       Skin              |       |       |     5 |       ||     5
       Plate armour      |       |       |    63 |   316 ||   379
Dodge: Dodged            |    28 |    53 |    57 |   126 ||   264
Block: Shield            |    37 |    95 |   146 |   319 ||   597
